 Dungeon Sprint DCSS version 0.30.1-6-gbe392663c4 (webtiles) character file.

Game seed: 7383397104291652950

15 Heoruswealwe the Sneak (level 2, -1/14 HPs)
             Began as a Spriggan Hunter on Sept 20, 2023.
             Slain by an ice beast (14 damage)
             ... in the Dungeon (Sprint IX: "|||||||||||||||||||||||||||||").
             The game lasted 00:01:51 (29 turns).

Heoruswealwe the Sneak (Spriggan Hunter)              Turns: 29, Time: 00:01:52

Health: -1/14      AC:  2    Str:  7    XL:     2   Next: 34%
Magic:  3/3        EV: 17    Int: 10    God:
Gold:   0          SH:  0    Dex: 18    Spells: 1/1 levels left

rFire   . . .        a - +0 dagger
rCold   . . .        (no shield)
rNeg    . . .        c - +0 robe
rPois   .            (helmet restricted)
rElec   .            (no cloak)
rCorr   .            (gloves unavailable)
SInv    +            (boots unavailable)
Will    .....        (no amulet)
Stlth   ++++         (no ring)
HPRegen 0.22/turn    (no ring)
MPRegen 0.08/turn

%: no teleportation
@: very quick
A: very small, no large weapons, unfitting armour, see invisible, speed 3
a: no special abilities


You were in the Dungeon.
You visited 1 branch

Inventory:

Hand Weapons
 a - a +0 dagger (weapon)
Armour
 c - a +0 robe (worn)
Potions
 d - a potion of curing
 e - a potion of heal wounds
 f - a potion of haste


   Skills:
 - Level 1.5 Fighting
 - Level 4.0 Ranged Weapons
 - Level 2.6 Dodging
 + Level 7.8 Stealth


You had one spell level left.
You didn't know any spells.
Your spell library was empty.

Dungeon Overview and Level Annotations

Branches:
Dungeon (1/1)

Altars:


Innate Abilities, Weirdness & Mutations

You are very small and have problems with some larger weapons.
You are too small for most types of armour.
You have supernaturally acute eyesight. (SInv)
You cover ground extremely quickly. (Speed+++)


Message History

The endoplasm is severely wounded.
You shoot an arrow. The arrow closely misses the goblin.
The arrow hits the endoplasm.
You kill the endoplasm!
The goblin hits you with a +0 dagger. The goblin completely misses you.
Your Stealth skill increases to level 5!
You shoot an arrow. The arrow hits the goblin.
You kill the goblin!
There is an open door to the Dungeon here.
Things that are here:
a +0 dagger; a +0 club; a goblin corpse
b - a +0 dagger
There is an open door to the Dungeon here.
Things that are here:
a +0 club; a goblin corpse
Things that are here:
a +0 club; 3 stones You are now empty-handed.
You drop a +0 shortbow.
Adjust (i)tems, (s)pells, or (a)bilities?
b - a +0 dagger Adjust to which letter? (? for menu, Esc to quit)
a - a +0 dagger
a - a +0 dagger (weapon)
You open the door.
A scorpion, 2 snakes, an ice beast and a sleepcap come into view.
There is an open door here.
The helpless adder fails to defend itself.
You impale the adder!!
You kill the adder!
Your Stealth skill gained 2 levels and is now at level 7!
You have reached level 2!
Blink to where?
Press: ? - help, Dir - move target
As you read the scroll of blinking, it crumbles to dust.
The water moccasin hisses angrily.
The sleepcap misses you. The ice beast misses you.
You hit the ice beast but do no damage. The sleepcap misses you.
The ice beast hits you. The ice beast freezes you!
Ouch! That really hurt!
You die... ▓▓▓▓▓▓▓▓▓▓▓▓▓▓▓▓▓▓ +sSY@f§....)).!.<▓ ▓▓▓▓▓▓▓▓▓▓▓▓▓▓▓▓▓▓

You could see a water moccasin, an ice beast, a sleepcap and a scorpion.

Vanquished Creatures
  An adder (D)
  An endoplasm (D)
  2 goblins (D)
  A hobgoblin (D)
  A kobold (D)
6 creatures vanquished.

Notes
Turn   | Place    | Note
-------+----------+-------------------------------------------
     0 | D        | Heoruswealwe the Spriggan Hunter began the quest for the
                  | Orb.
     0 | D        | Reached XP level 1. HP: 10/10 MP: 2/2
     8 | D        | Reached skill level 3 in Stealth
    10 | D        | Reached skill level 4 in Stealth
    13 | D        | Reached skill level 5 in Stealth
    25 | D        | Noticed a scorpion
    25 | D        | Noticed a water moccasin
    25 | D        | Noticed an ice beast
    25 | D        | Noticed a sleepcap
    28 | D        | Reached skill level 7 in Stealth
    28 | D        | Reached XP level 2. HP: 14/14 MP: 3/3
    29 | D        | Slain by an ice beast

Illustrated notes

Levels and vault maps discovered:
D:        linesprint [early_d, line_temple, items_1, d_10, items_2, lair_1,
          lair_end, items_3, orc_1, orc_end, items_4, d_15, swamp_1, shoals_1,
          snake_1, spider_1, d_20, vaults_1, items_5, swamp_end, shoals_end,
          snake_end, spider_end, vaults_end, d_27, items_6, zot_1, zot_end,
          crypt_end, forest_end, elf_end, slime_end, tomb_end, abyss_end,
          pan_hell_end]

Skill      XL: |  1 |
---------------+----+-----
Stealth        | 7 |  7.8
Fighting       | |  1.5
Ranged Weapons | |  4.0
Dodging        | |  2.6

Action                     || total
---------------------------++-------
  Melee: Dagger            ||     2
   Fire: Shortbow          ||     7
    Use: Scroll            ||     1
   Stab: Sleeping          ||     1
  Dodge: Dodged            ||     4
